 Dungeon Sprint DCSS version 0.18-a0-1655-ge2d8d33 (console) character file.

800000 sorlin the Severer (level 11, -16/101 HPs)
             Began as a Demonspawn Warper on Mar 30, 2016.
             Was an Initiate of Makhleb.
             Demolished by a meat berserker
             ... wielding a +9 battleaxe
              (70 damage)
             ... in the Dungeon (Sprint VIII: "Arena of Blood").
             The game lasted 00:00:38 (8 turns).

sorlin the Severer (Demonspawn Warper)                 Turns: 8, Time: 00:00:39

Health: -16/101    AC:  3    Str: 12    XL:     11   Next: 71%
Magic:  14/14      EV: 20    Int: 15    God:    Makhleb [......]
Gold:   0          SH:  0    Dex: 15    Spells: 1 memorised, 13 levels left

rFire  . . .     SeeInvis .     l - +∞ Axe of Woe
rCold  . . .     Gourm    .     b - +0 leather armour
rNeg   . . .     Faith    .     (shield currently unavailable)
rPois  .         Spirit   .     (no helmet)
rElec  .         Dismiss  .     (no cloak)
rCorr  .         Reflect  .     (no gloves)
SustAt .         Harm     .     (no boots)
MR     .....     NoTele   +     (no amulet)
Stlth  +++.......               (no ring)
                                (no ring)

@: not resistant to hostile enchantments, fairly stealthy
A: claws 2, nightstalker 2, powered by pain 1
a: Renounce Religion


You were in the Dungeon.
You worshipped Makhleb.
Makhleb was noncommittal.
You were not hungry.

You visited 1 branch


Innate Abilities, Weirdness & Mutations

You have very sharp fingernails.
You are significantly more attuned to the shadows.
You sometimes gain a little power by taking damage.


   Skills:
 + Level 14.6 Fighting
 * Level 18.2 Axes
 - Level 0.8 Throwing
 - Level 0.8 Armour
 + Level 13.5 Dodging
 - Level 2.0 Spellcasting
 - Level 2.6 Translocations


You had 13 spell levels left.
You knew the following spells:

 Your Spells              Type           Power        Failure   Level  Hunger
s - Apportation           Tloc           #.........   12%         1    #......

Inventory:

Hand Weapons
 a - a +0 hand axe
 l - the +∞ Axe of Woe (weapon)
   (You found it in the Dungeon)
Missiles
 e - 5 tomahawks of dispersal (quivered)
Armour
 b - a +0 leather armour (worn)
Scrolls
 d - 2 scrolls of blinking
Potions
 g - a potion of curing
 h - a potion of heal wounds {!q}
 i - a potion of haste {!q}
 j - 2 potions of magic {!q}
 k - a potion of berserk rage {!q}
Books
 c - a book of Spatial Translocations

   Spells                             Type                      Level
   a - Apportation                    Translocation                1
   b - Blink                          Translocation                2
   c - Shroud of Golubria             Charms/Translocation         2
   d - Portal Projectile              Translocation                3
   e - Teleport Other                 Translocation                3
   f - Passage of Golubria            Translocation                4
Comestibles
 f - a bread ration {!e}


Message History

A bag of meat comes into view. It is wielding a +9 war axe.
Unknown command.
A bag of meat comes into view. It is wielding a +9 war axe.
The bag of meat shouts!
You hear a shout! x4
The meat berserker rages.
You hear a shout!
A meat berserker comes into view. It is wielding a +9 battleaxe.
You hear a shout! x5
You hear a shout! x5
You hit the bag of meat.
You hew the bag of meat savagely.
You kill the bag of meat!
Makhleb accepts your kill.
Your Fighting skill gained 12 levels and is now at level 14!
Your Axes skill gained 17 levels and is now at level 18!
Your Dodging skill gained 12 levels and is now at level 13!
You have reached level 2!
Your demonic ancestry asserts itself...
Your fingernails lengthen.
You have reached level 3!
Your experience leads to an increase in your attributes!
Increase (S)trength, (I)ntelligence, or (D)exterity?
You feel agile.
You have reached level 4!
You feel clever.
You have reached level 5!
You have reached level 6!
Your experience leads to an increase in your attributes!
Increase (S)trength, (I)ntelligence, or (D)exterity?
You feel agile.
You have reached level 7!
Your demonic ancestry asserts itself...
You slip into the darkness of the dungeon.
You have reached level 8!
You feel stronger.
Your demonic ancestry asserts itself...
You slip further into the darkness.
You have reached level 9!
Your experience leads to an increase in your attributes!
Increase (S)trength, (I)ntelligence, or (D)exterity?
You feel agile.
Your demonic ancestry asserts itself...
Your fingernails sharpen.
You have reached level 10!
Your demonic ancestry asserts itself...
You feel energised by your suffering.
You have reached level 11!
You hear a shout! x2
The meat berserker hits you with a +9 battleaxe!!!
You hear a shout! x7
The meat berserker hits you with a +9 battleaxe!!!
Ouch! That really hurt!
You die...

.. .. #.. ..# #..
..# .###..
...###....
......###.........
....._..........
#.....#....... .
#_.<._#.......
....#.....#......#
......o_..........
o.....###O@.......
.###.....O)###....
#.......# .
#.......#
..........
...........
...........
..........##


You could see 2 meat berserkers and a bag of meat.

Vanquished Creatures
  An orc (D)
1 creature vanquished.

Notes
Turn   | Place    | Note
--------------------------------------------------------------
     0 | D        | sorlin the Demonspawn Warper began the quest for the Orb.
     0 | D        | Reached XP level 1. HP: 16/16 MP: 3/3
     3 | D        | Noticed a meat berserker
     4 | D        | Noticed a bag of meat
     4 | D        | Became a worshipper of Makhleb the Destroyer
     5 | D        | Noticed a bag of meat
     5 | D        | Noticed a bag of meat
     6 | D        | Noticed a meat berserker
     8 | D        | Killed a bag of meat
     8 | D        | Reached skill level 14 in Fighting
     8 | D        | Reached skill level 18 in Axes
     8 | D        | Reached skill level 13 in Dodging
     8 | D        | Gained mutation: You have sharp fingernails. [demonic ancestry]
     8 | D        | Reached XP level 2. HP: 43/43 MP: 5/5
     8 | D        | Reached XP level 3. HP: 49/49 MP: 6/6
     8 | D        | Reached XP level 4. HP: 56/56 MP: 7/7
     8 | D        | Reached XP level 5. HP: 62/62 MP: 8/8
     8 | D        | Reached XP level 6. HP: 69/69 MP: 9/9
     8 | D        | Gained mutation: You are slightly more attuned to the shadows. [demonic ancestry]
     8 | D        | Reached XP level 7. HP: 75/75 MP: 10/10
     8 | D        | Gained mutation: You are significantly more attuned to the shadows. [demonic ancestry]
     8 | D        | Reached XP level 8. HP: 82/82 MP: 11/11
     8 | D        | Gained mutation: You have very sharp fingernails. [demonic ancestry]
     8 | D        | Reached XP level 9. HP: 88/88 MP: 12/12
     8 | D        | Gained mutation: You sometimes gain a little power by taking damage. [demonic ancestry]
     8 | D        | Reached XP level 10. HP: 95/95 MP: 13/13
     8 | D        | Reached XP level 11. HP: 101/101 MP: 14/14
     8 | D        | Demolished by a meat berserker

Vault maps used:
D:        meatsprint

Action                   |  1- 3 |  4- 6 |  7- 9 | 10-12 || total
-------------------------+-------+-------+-------+-------++-------
Melee: Executioner's axe |     1 |       |       |       ||     1
